 Dungeon Crawl Stone Soup version 0.31-a0-435-g2c6fae2916 (webtiles) character file.

Game seed: 7501941937931905278

88 Flugkiller the Changeling (level 4, -6/37 HPs)
             Began as a Deep Elf Shapeshifter on Aug 1, 2023.
             Was a Believer of Trog.
             Mangled by Pikel
             ... wielding a +1 whip of freezing
              (10 damage)
             ... while paralysed by Pikel
             ... on level 4 of the Dungeon.
             The game lasted 00:01:59 (2139 turns).

Flugkiller the Changeling (Deep Elf Shapeshifter)   Turns: 2139, Time: 00:02:00

Health: -6/37      AC:  3    Str: 12    XL:     4   Next: 30%
Magic:  6/6        EV:  2    Int: 13    God:    Trog [**....]
Gold:   213        SH:  0    Dex: 17    Spells: 3/3 levels left

rFire   + .          .
                       - Unarmed
rCold   + . .        (no shield)
rNeg    . . .        f - +1 robe {rC+ rF+}
rPois   .            (helmet currently unavailable)
rElec   .            (cloak currently unavailable)
rCorr   .            (gloves currently unavailable)
SInv    .            (boots currently unavailable)
Will    .....        (no amulet) Stlth
                     (no ring)
HPRegen 0.26/turn    (no ring)
MPRegen 0.10/turn

%: no passive effects
@: paralysed, berserking (expiring), beast-form
A: beast (slay +2)
a: Begin Untransformation, Renounce Religion, Berserk, Trog's Hand


You were on level 4 of the Dungeon.
You worshipped Trog.
Trog was pleased with you.
You were a hulking beast.
You visited 1 branch of the dungeon, and saw 4 of its levels.

You collected 213 gold pieces.

Inventory:

Armour
 a - a +0 animal skin
 f - a +1 robe of resistance (worn)
   (You found it on level 1 of the Dungeon)
 i - a +0 pair of gloves
   (You found it on level 3 of the Dungeon)
Talismans
 c - a beast talisman (active)
Scrolls
 e - 2 scrolls of immolation
 g - a scroll of torment
 j - a scroll of teleportation {unknown}
 k - 2 scrolls of blinking {unknown}
 r - 3 scrolls of identify
Potions
 b - 2 potions of lignification
 d - a potion of heal wounds {unknown}
 h - a potion of curing {unknown}


   Skills:
 + Level 1.6 Fighting
 + Level 3.2 Dodging
 + Level 2.8 Unarmed Combat
 * Level 4.1 Shapeshifting


You had 3 spell levels left.
You didn't know any spells.
Your spell library was empty.

Dungeon Overview and Level Annotations

Branches:
Dungeon (4/15) Zot: 21866
 Temple: D:4-7

Altars:
Trog

Shops:
D:3 [

Annotations:
D:4 Pikel


Message History

You feel hot and cold all over.
Your roots penetrate the ground.
The lemure barely misses you.
Okay, then.
You barely miss the lemure.
The lemure is lightly wounded.
The lemure hits you but does no damage.
You closely miss the lemure.
The lemure is lightly wounded.
The lemure hits you.
You barely miss the lemure.
The lemure is lightly wounded.
The lemure hits you but does no damage.
You closely miss the lemure.
The lemure is lightly wounded.
The lemure hits you but does no damage.
You barely miss the lemure.
The lemure is lightly wounded.
The lemure hits you.
You smack the lemure!
The lemure is moderately wounded.
The lemure hits you.
You hit the lemure.
The lemure is heavily wounded.
The lemure hits you but does no damage.
You barely miss the lemure.
The lemure is heavily wounded.
You barely miss the lemure.
The lemure is heavily wounded.
The lemure hits you.
You smack the lemure!
The lemure is severely wounded.
The lemure hits you but does no damage.
You closely miss the lemure.
The lemure is severely wounded.
The lemure hits you!
* * * LOW HITPOINT WARNING * * *
You closely miss the lemure.
The lemure is severely wounded.
The lemure hits you but does no damage.
A red film seems to cover your vision as you go berserk!
You feel yourself moving faster!
You feel mighty! The lemure hits you but does no damage.
You hit the lemure but do no damage.
The lemure is severely wounded.
The lemure hits you but does no damage.
You smack the lemure!
You kill the lemure!
That felt strangely unrewarding.
You closely miss the lemure. You miss the lemure.
Your transformation is almost over.
The lemure hits you but does no damage.
You closely miss the lemure. You hit the lemure.
The lemure is lightly wounded.
The lemure hits you but does no damage.
You smack the lemure!
The lemure is severely wounded.
You hear a shout!
You closely miss the lemure.
The lemure is severely wounded.
The lemure hits you but does no damage.
You barely miss the lemure. Your punch misses the lemure.
The lemure is severely wounded.
The lemure hits you but does no damage.
You smack the lemure!
You kill the lemure!
That felt strangely unrewarding.
A lemure comes into view.
You smack the lemure!
The lemure is heavily wounded.
The lemure hits you but does no damage.
You smack the lemure!
The lemure is almost dead.
You hit the lemure.
You feel the power of Trog in you as your rage grows.
You kill the lemure!
That felt strangely unrewarding.
You smack the lemure!
The lemure is moderately wounded.
The lemure hits you but does no damage.
You pummel the lemure!!
The lemure is almost dead.
You barely miss the lemure.
The lemure is almost dead.
You feel less wooden.
Your +1 robe of resistance unmelds from your body.
You feel resistant to extremes of temperature.
You turn into a hulking beast.
The lemure closely misses you.
You are too berserk!
You punch the lemure!
You kill the lemure!
That felt strangely unrewarding.
Pikel zaps a wand.
You suddenly lose the ability to move!
Pikel hits you with a +1 whip of freezing!
* * * LOW HITPOINT WARNING * * *
Pikel freezes you.
* * * LOW HITPOINT WARNING * * *
Pikel hits you with a +1 whip of freezing!
You die...

... .. #.# .# #. ..# #.# #.
... ... .. #5# #.# #. . #5#
#.# ## #. #.#.#
#.#.#.###.##
.#.#.#.###.#.#.....<##
........Kh....#.#.....#
#.#.###.###.#.#.#...#.####
......................#
###...#.#.#.#...#.##.#
#.........#.....##[# ##.
#...#.#.#.#...####.#
.....###...#.#.#.#...####.#
...........#.# #...........
##.#####.#.#.#...†.##.###.#


You could see Pikel.

Vanquished Creatures
  4 lemures (D:4)
  A gnoll (D:1)
  An adder (D:2)
  A worm (D:2)
  4 dart slugs
  An orc (D:4)
  3 endoplasms (D:2)
  4 giant cockroaches
  2 goblins
  3 hobgoblins
  8 jackals (D:2)
  2 kobolds (D:2)
  4 quokkas
  6 ball pythons
  6 bats
  3 frilled lizards
  7 rats
60 creatures vanquished.

Notes
Turn   | Place    | Note
-------+----------+-------------------------------------------
     0 | D:1      | Flugkiller the Deep Elf Shapeshifter began the quest for
                  | the Orb.
     0 | D:1      | Reached XP level 1. HP: 11/11 MP: 3/3
     4 | D:1      | Found a faded altar of an unknown god.
    16 | D:1      | Prayed at the altar of an unknown god.
    16 | D:1      | Became a worshipper of Trog the Wrathful
    16 | D:1      | Reached * piety under Trog
   119 | D:1      | Reached skill level 1 in Fighting
   119 | D:1      | Reached XP level 2. HP: 6/16 MP: 4/4
   683 | D:2      | Reached XP level 3. HP: 14/20 MP: 5/5
   791 | D:2      | Reached ** piety under Trog
   876 | D:2      | Reached skill level 4 in Shapeshifting
  1150 | D:3      | Reached XP level 4. HP: 25/25 MP: 6/6
  1308 | D:3      | Found Addesmuv's Armour Emporium.
  2096 | D:4      | Noticed a lemure
  2096 | D:4      | Noticed a lemure
  2096 | D:4      | Noticed a lemure
  2097 | D:4      | Noticed Pikel
  2120 | D:4      | Killed a lemure
  2128 | D:4      | Killed a lemure
  2129 | D:4      | Noticed a lemure
  2132 | D:4      | Killed a lemure
  2136 | D:4      | Killed a lemure
  2136 | D:4      | Paralysed by Pikel for 4 turns
  2139 | D:4      | Mangled by Pikel

Illustrated notes

Levels and vault maps discovered:
D:1:      scummos_arrival_forest, layout_basic,
          shapermc_ecumenical_altar_starsandcircs
D:2:      layout_basic
D:3:      layout_basic, serial_shops, shop
D:4:      layout_basic, nicolae_wu_jian_immortal_techniques,
          minmay_temple_entry_drinking_statues, serial_shops,
          nicolae_shop_stone, uniq_eustachio, uniq_pikel

Skill      XL: |  1  2  3 |
---------------+----------+-----
Fighting       | 1 |  1.6
Dodging        | 3 |  3.2
Shapeshifting  | 4 |  4.1
Unarmed Combat | |  2.8

Action                     |  1- 3 |  4- 6 || total
---------------------------+-------+-------++-------
  Melee: Unarmed           |   106 |    76 ||   182
         Punch             |     5 |     1 ||     6
 Invoke: Berserk           |     1 |     1 ||     2
    Use: Scroll            |     2 |       ||     2
         Potion            |       |     1 ||     1
   Stab: Sleeping          |     5 |     1 ||     6
 Armour: Animal skin       |     3 |       ||     3
         Robe              |    21 |     3 ||    24
         Skin              |       |    14 ||    14
  Dodge: Dodged            |    67 |    32 ||    99

Table legend: (Time is in decaauts)
 A = Elapsed time spent in this place.
 B = Non-inter-level travel time spent in this place.
 C = Inter-level travel time spent in this place.
 D = Time resting spent in this place.
 E = Time spent auto-exploring this place.
 F = Levels seen in this place.
 G = Mean time per level.
                   A        B        C        D        E       F      G
               +--------+--------+--------+--------+--------+-----+--------+
         Total |   2132 |   2081 |     51 |    194 |   1466 |   4 |  533.0 |
       Dungeon |   2132 |   2081 |     51 |    194 |   1466 |   4 |  533.0 |
               +--------+--------+--------+--------+--------+-----+--------+

Top non-repeatable levels by time:
     D:3: 844 daAuts
     D:1: 592 daAuts
     D:2: 546 daAuts
     D:4: 149 daAuts
